 Dungeon Crawl Stone Soup version 0.14-a0-2124-ga163777 (webtiles) character file.

1693 4tharraofdagon the Magician (level 8, 0/40 HPs)
             Began as a Vine Stalker Venom Mage on Jan 27, 2014.
             Was an Initiate of Makhleb.
             Killed from afar by 4tharraofdagon's ghost (15 damage)
             ... with a flame
             ... on Level 6 of the Dungeon.
             The game lasted 00:20:38 (2925 turns).

4tharraofdagon the Magician (VSVM)                  Turns: 2925, Time: 00:20:39

HP   0/40        AC  3     Str 12      XL: 8   Next: 78%
MP   0/21        EV 10     Int 15      God: Makhleb [......]
Gold 219         SH  6     Dex 10 (20) Spells:  3 memorised, 10 levels left

rFire  . . .     SeeInvis .     O - +0 orc war axe
rCold  . . .     Clarity  .     e - +0 troll hide {Purgy}
rNeg   . . .     Conserve .     h - +0 buckler
rPois  .         rCorr    .     (no helmet)
rElec  .         rRot     +     (no cloak)
SustAb . .       Spirit   +     E - +0 pair of gloves
rMut   .         Warding  .     (no boots)
Saprov . . .     Stasis   .     (no amulet)
MR     +....                    (no ring)
                                v - +4 ring of dexterity

@: somewhat resistant to hostile enchantments, unstealthy
A: fangs 3, regeneration 2, magic shield, antimagic bite, no device heal
a: Renounce Religion


You were on level 6 of the Dungeon.
You worshipped Makhleb.
Makhleb was noncommittal.
You were not hungry.

You visited 2 branches of the dungeon, and saw 7 of its levels.
You also visited: Sewer.

You collected 219 gold pieces.

Inventory:

Hand weapons
 d - a +0,+0 hand axe
 J - a +0,+1 orcish dagger of chaos
 O - a +0,+0 orcish war axe (weapon)
Missiles
 I - a dart (quivered)
 L - 7 javelins
Armour
 a - a +0 robe
 e - a +0 troll hide (worn) {Purgy}
 h - a +0 buckler (worn)
 E - a +0 pair of gloves (worn)
 P - a +0 orcish chain mail
Magical devices
 D - a wand of polymorph (0)
 H - a wand of slowing (14)
 N - a wand of confusion (6)
Comestibles
 c - 3 bread rations
 l - 4 meat rations
Scrolls
 j - a scroll of immolation {unknown}
 k - 3 scrolls of magic mapping {unknown}
 t - 3 scrolls of fog {unknown}
 w - a scroll of enchant weapon II {unknown}
 y - 3 scrolls of remove curse {unknown}
 A - 2 scrolls of curse weapon {unknown}
 G - a scroll of teleportation {unknown}
 K - a scroll of curse armour {unknown}
Jewellery
 i - an uncursed amulet of faith
 v - a +4 ring of dexterity (left hand)
 B - an uncursed amulet of stasis
Potions
 f - 5 potions of curing {unknown}
 m - a potion of speed
 n - 3 potions of degeneration {unknown}
 o - a potion of porridge
 p - a potion of cure mutation
 q - 3 potions of heal wounds {unknown}
 s - a potion of invisibility {unknown}
 u - 2 potions of berserk rage {unknown}
 x - 4 potions of might {unknown}
 z - a potion of magic {unknown}
 C - a potion of brilliance
 F - a potion of agility {unknown}
Books
 b - a Young Poisoner's Handbook

   Spells                             Type                      Level
   *Sting                             Conjuration/Poison           1
   *Cure Poison                       Poison                       2
   *Mephitic Cloud                    Conjuration/Poison/Air       3
   Olgreb's Toxic Radiance            Poison                       4
   Venom Bolt                         Conjuration/Poison           5


   Skills:
 + Level 3.3 Fighting
 * Level 4.7 Axes
 + Level 3.0 Armour
 + Level 3.6 Dodging
 - Level 2.4 Stealth
 + Level 4.9 Spellcasting
 + Level 3.4 Conjurations
 - Level 4.0 Poison Magic
 + Level 0.4 Evocations


You had 10 spell levels left.
You knew the following spells:

 Your Spells              Type           Power        Failure   Level  Hunger
a - Sting                 Conj/Pois      ##..         10%         1    None
b - Cure Poison           Pois           ###.......   10%         2    ##.....
c - Mephitic Cloud        Conj/Pois/Air  ##......     30%         3    ###....


Dungeon Overview and Level Annotations

Branches:
Dungeon (6/16)             Temple (1/1) D:5

Altars:
Ashenzari
Cheibriados
Kikubaaqudgha
Makhleb
Okawaru
Trog
Vehumet
Yredelemnul
Zin

Shops:
D:4 :

Annotations:
D:2 Sigmund
D:4 exclusion: statue
D:6 4tharraofdagon's ghost, experienced VSFE


Innate Abilities, Weirdness & Mutations

You have razor-sharp teeth.
You heal very quickly.
When hurt, damage is shared between your health and your magic reserves.
Your bite disrupts and absorbs the magic of your enemies.
Potions and wands cannot restore your HP.


Message History

There's nothing to close nearby.
There's nothing to close nearby.
There's nothing to close nearby.
There's nothing to close nearby.
Something unseen opens the door.
Unknown command.
You barely miss 4tharraofdagon's ghost. 4tharraofdagon's ghost is heavily damaged. 4tharraofdagon's ghost whispers, "The ORB doesn't exist." 4tharraofdagon's ghost hits you. 4tharraofdagon's ghost issues a gush of flame.
The flame hits you!
* * * LOW HITPOINT WARNING * * *
Unknown command.
Unknown command.
Unknown command. 4tharraofdagon's ghost whispers, "Death doesn't hurt.
What you feel is life." 4tharraofdagon's ghost lets out a tongue of flame.
The flame hits you!
You die...

#.....# #.# # #.....#
#.# ## #.....####.# ..
#..........# .
#..........##########
#....................
#....#########.......
#....'.......#.......
#...@#.......#.......
#....#.......#.......
#....p.......#.......
#..⌠.........#.......
#....P≈P.....#.......
#.....≈P.....#.......
#...#..P......#.......
#..##+....... #.......
.# ##..... #....p..


You could see 4tharraofdagon's ghost.

Vanquished Creatures
  Prince Ribbit (D:4)
  Purgy (Sewer)
  A phantom (D:4)
  3 centaurs (D:5)
  A crocodile (D:6)
  2 giant frogs (D:6)
  A water moccasin (D:4)
  A crimson imp (D:6)
  2 big fish (Sewer)
  A quasit (D:5)
  2 hounds (D:4)
  6 worker ants
  2 scorpions (D:4)
  An orc wizard (D:5)
  6 adders
  A giant centipede (D:4)
  A green rat (D:3)
  A giant mite (D:4)
  5 worms
  A grey rat (D:3)
  6 orcs
  11 bats
  5 giant cockroaches
  6 hobgoblins
  7 jackals (D:2)
  A quokka (D:6)
  3 giant geckos
  8 giant newts
  8 goblins
  7 kobolds
  An orc zombie (D:6)
  6 rats
  A butterfly (D:5)
110 creatures vanquished.

Notes
Turn   | Place    | Note
--------------------------------------------------------------
     0 | D:1      | 4tharraofdagon, the Vine Stalker Venom Mage, began the quest for the Orb.
     0 | D:1      | Reached XP level 1. HP: 9/9 MP: 3/3
   186 | D:2      | Reached XP level 2. HP: 14/14 MP: 0/6
   194 | D:2      | Reached skill level 1 in Conjurations
   224 | D:2      | Noticed Sigmund
   263 | D:2      | Reached XP level 3. HP: 17/17 MP: 3/7
   370 | D:2      | Reached skill level 1 in Axes
   432 | D:2      | Learned a level 2 spell: Cure Poison
   525 | D:2      | Reached skill level 1 in Fighting
   525 | D:2      | Reached XP level 4. HP: 9/22 MP: 2/9
   620 | D:3      | Learned a level 3 spell: Mephitic Cloud
   650 | D:3      | Reached skill level 1 in Armour
   715 | D:3      | Found an iron altar of Okawaru.
   895 | D:3      | Found a glowing drain.
   930 | Sewer    | Entered a sewer
   944 | Sewer    | Reached XP level 5. HP: 7/25 MP: 0/13
  1054 | Sewer    | Noticed Purgy
  1072 | Sewer    | HP: 1/25 [Purgy (5)]
  1073 | Sewer    | Killed Purgy
  1073 | Sewer    | Gained mutation: You heal very quickly. [vine stalker growth]
  1073 | Sewer    | Reached XP level 6. HP: 2/30 MP: 0/15
  1315 | D:4      | Found Ysoihi's Book Shop.
  1365 | D:4      | Found a radiant altar of Vehumet.
  1659 | D:4      | Reached XP level 7. HP: 31/35 MP: 14/17
  1697 | D:5      | Entered Level 5 of the Dungeon
  2012 | D:5      | Noticed Prince Ribbit
  2051 | D:4      | Killed Prince Ribbit
  2091 | D:5      | Gained mutation: You have razor-sharp teeth. [vine stalker growth]
  2091 | D:5      | Reached XP level 8. HP: 36/39 MP: 11/20
  2210 | D:5      | Paralysed by an orc for 5 turns
  2315 | D:5      | Found a staircase to the Ecumenical Temple.
  2320 | Temple   | Entered the Ecumenical Temple
  2342 | Temple   | Became a worshipper of Makhleb the Destroyer
  2454 | D:5      | Found a shattered altar of Ashenzari.
  2581 | D:6      | Noticed 4tharraofdagon's ghost (experienced VSFE)
  2730 | D:6      | Noticed an orb spider
  2730 | D:6      | an orc warrior changed into an orb spider
  2731 | D:6      | an orb spider changed into a crocodile
  2925 | D:6      | Killed from afar by 4tharraofdagon's ghost

Action                   |  1- 3 |  4- 6 |  7- 9 || total
-------------------------+-------+-------+-------++-------
Melee: Hand axe          |    97 |   115 |   181 ||   393
       Unarmed           |     2 |       |       ||     2
       War axe           |       |       |    21 ||    21
Throw: Throwing net      |       |     1 |       ||     1
 Cast: Sting             |    30 |    41 |    27 ||    98
       Mephitic Cloud    |       |       |     4 ||     4
       Cure Poison       |       |       |     3 ||     3
Evoke: Wand              |       |     1 |     9 ||    10
  Use: Potion            |       |     1 |       ||     1
       Scroll            |       |       |     5 ||     5
 Stab: Sleeping          |       |     1 |     1 ||     2
       Confused          |       |       |     2 ||     2
